 Dungeon Crawl Stone Soup version 0.21.1-1-g345015f (webtiles) character file.

129 Mirai the Magician (level 4, -1/24 HPs)
             Began as a Deep Elf Conjurer on Apr 1, 2018.
             Slain by Grinder (4 damage)
             ... while paralysed by Grinder
             ... on level 3 of the Dungeon.
             The game lasted 00:05:03 (2176 turns).

Mirai the Magician (Deep Elf Conjurer)              Turns: 2176, Time: 00:05:03

Health: -1/24      AC:  2    Str:  5    XL:     4   Next: 88%
Magic:  7/15       EV:  2    Int: 21    God:
Gold:   72         SH:  0    Dex: 15    Spells: 14/17 levels left

rFire    . . .     SeeInvis .   r - -1 quarterstaff (curse)
rCold    . . .     Gourm    .   (shield currently unavailable)
rNeg     . . .     Faith    .   a - +0 robe
rPois    .         Spirit   .   (no helmet)
rElec    .         Reflect  .   (no cloak)
rCorr    +         Harm     .   (no gloves)
MR       +....                  (no boots)
Stlth    ++........             (no amulet)
HPRegen  0.08/turn              k - ring of protection from magic
MPRegen  0.14/turn              q - ring of resist corrosion

@: paralysed, lethally poisoned (-1 -> -11)
A: no striking features
a: no special abilities


You were on level 3 of the Dungeon.
You were not hungry.

You visited 1 branch of the dungeon, and saw 3 of its levels.

You collected 72 gold pieces.

Inventory:

Hand Weapons
 m - a +0 dagger
 r - a cursed -1 quarterstaff (weapon)
Armour
 a - a +0 robe (worn)
Jewellery
 k - a ring of protection from magic (left hand)
 p - an uncursed ring of protection from fire
 q - a ring of resist corrosion (right hand)
 t - an uncursed amulet of rage
 x - an uncursed ring of flight {unknown}
Scrolls
 d - 3 scrolls of magic mapping {unknown}
 f - a scroll of enchant weapon {unknown}
 h - a scroll of enchant armour {unknown}
 i - a scroll of remove curse {unknown}
 l - a scroll of fog {unknown}
 n - a scroll of blinking {unknown}
 s - 3 scrolls of identify {unknown}
 u - a scroll of teleportation {unknown}
Potions
 e - a potion of mutation {unknown}
 g - a potion of might {unknown}
 j - 2 potions of degeneration {unknown}
 o - 4 potions of curing {unknown}
 w - a potion of invisibility {unknown}
Books
 b - a book of Conjurations

   Spells                             Type                      Level
   a - Magic Dart                     Conjuration                  1
   b - Searing Ray                    Conjuration                  2
   c - Dazzling Spray                 Conjuration/Hexes            3
   d - Fulminant Prism                Conjuration/Hexes            4
   e - Force Lance                    Conjuration/Translocation    4
   f - Iskenderun's Mystic Blast      Conjuration                  4
Comestibles
 c - 2 rations
 v - 2 chunks of flesh


   Skills:
 - Level 2.4 Dodging
 - Level 2.4 Stealth
 + Level 7.0 Spellcasting
 - Level 4.3 Conjurations


You had 14 spell levels left.
You knew the following spells:

 Your Spells              Type           Power        Failure   Level  Hunger
a - Magic Dart            Conj           ####         1%          1    None
b - Searing Ray           Conj           ####..       2%          2    None


Dungeon Overview and Level Annotations

Branches:
Dungeon (3/15)

Altars:
Sif Muna

Annotations:
D:3 Grinder


Message History

Aim: Grinder (lightly wounded)
The searing ray hits Grinder.
Grinder is lightly wounded. (Press . to maintain the ray.) Grinder gestures at you.
You resist with some effort.
The searing ray hits Grinder.
Grinder is moderately wounded.
Grinder gestures at you.
You suddenly lose the ability to move!
The adder bites you but does no damage. The adder bites you. Grinder hits you.
You writhe in agony.
The adder bites you.
You are poisoned.
The adder poisons you! Grinder hits you.
You writhe in agony.
You feel sick. The adder bites you.
* * * LOW HITPOINT WARNING * * *
You are more poisoned.
The adder poisons you! Grinder hits you.
You die...

.. ####.# #....#
#....# ###....#
#......#
#....5.##...
#...@S....#
######....#......
#<[..'....+ .....
######....# ....
###### ... .. .


You could see Grinder and an adder.

Vanquished Creatures
  A hound (D:2)
  Terence (D:3)
  3 adders (D:2)
  2 worms (D:2)
  2 dart slugs
  6 bats
  2 giant cockroaches (D:2)
  5 goblins (D:2)
  3 hobgoblins
  A quokka (D:2)
  2 frilled lizards (D:2)
  6 kobolds
  7 rats
41 creatures vanquished.

Notes
Turn   | Place    | Note
-------+----------+-------------------------------------------
     0 | D:1      | Mirai the Deep Elf Conjurer began the quest for the Orb.
     0 | D:1      | Reached XP level 1. HP: 10/10 MP: 6/6
   500 | D:1      | Reached skill level 4 in Spellcasting
   500 | D:1      | Reached XP level 2. HP: 15/15 MP: 5/9
   696 | D:2      | Learned a level 2 spell: Searing Ray
   968 | D:2      | Reached XP level 3. HP: 19/19 MP: 7/11
   978 | D:2      | Noticed Terence
   992 | D:2      | Reached skill level 5 in Spellcasting
  1331 | D:3      | Killed Terence
  1331 | D:3      | Reached XP level 4. HP: 7/24 MP: 1/13
  1479 | D:2      | Reached skill level 6 in Spellcasting
  2053 | D:2      | Found a deep blue altar of Sif Muna.
  2119 | D:2      | Reached skill level 7 in Spellcasting
  2163 | D:3      | Noticed Grinder
  2172 | D:3      | Paralysed by Grinder for 6 turns
  2176 | D:3      | Slain by Grinder

Skill      XL: |  1  2  3  4 |
---------------+-------------+-----
Spellcasting   | 4 5 7 |  7.0
Dodging        | |  2.4
Stealth        | |  2.4
Conjurations   | |  4.3

Action                   |  1- 3 |  4- 6 || total
-------------------------+-------+-------++-------
Melee: Quarterstaff      |       |     5 ||     5
 Cast: Magic Dart        |    37 |    30 ||    67
       Searing Ray       |     7 |     6 ||    13
  Eat: Chunk             |     1 |     3 ||     4
Armor: Robe              |     2 |     3 ||     5
Dodge: Dodged            |    13 |    12 ||    25
